cohdb
Replays
Latest Replays
All Replays
Popular Replays
Top Player Replays
Match Explorer
How It Works
Community
CoH3 Stats
Reddit
Sign in to upload your games and track your stats! →
Sign in with Steam
Match 25146790
Unlisted
Match 25146790
Overview
Messages
Build Orders
End
Kradschützen Motorcycle Team
Selects Armored Support Battlegroup
Panzergrenadier Squad
250 Light Carrier
Construct Light Support Kompanie
Combat Half-tracks
Selects Superior Fire Drills
MG34 Team
Construct Mechanized Kompanie
8 Rad Armored Car
Panzerjäger Mechanized Group
Selects Salvage Kits
Selects Panzer Storm
2.5-tonne Medical Truck
Marder III Tank Destroyer
Selects Stuka Anti-tank Loiter
Panzergrenadier Squad
Panzerjäger Mechanized Group
Stuka Anti-tank Loiter
Support Armor Elements
StuG III D Assault Gun
18-tonne Recovery Half-track
Stuka Anti-tank Loiter
Selects Flammpanzer III Medium Tank Sd.Kfz. 141
StuG III D Assault Gun
Stuka Anti-tank Loiter
Selects Battlefield Salvage
Veteran Squad Leaders
Rapid Advance
Stuka Anti-tank Loiter
bisivan1
Eber
MR.DOGO-YT
DoMxNightM4rE
zintoko
Tuna Fan
0
0
Comments
sign in to comment!
No comments posted yet!